 Dungeon Crawl Stone Soup version 0.25-a0-403-g49d089a (webtiles) character file.

Game seed: 4839322589629915985, levelgen mode: deterministic

15 Auros the Shooter (level 2, 24/24 HPs)
             Began as a Centaur Hunter on Jan 9, 2020.
             Quit the game on level 1 of the Dungeon.
             The game lasted 00:01:02 (378 turns).

Auros the Shooter (Centaur Hunter)                   Turns: 378, Time: 00:01:02

Health: 24/24      AC:  4    Str: 14    XL:     2   Next: 34%
Magic:  2/2        EV:  9    Int: 10    God:
Gold:   0          SH:  0    Dex:  9    Spells: 1/1 levels left

rFire    . . .     SeeInvis .   b - +0 short sword
rCold    . . .     Gourm    .   (no shield)
rNeg     . . .     Faith    .   c - +0 leather armour
rPois    .         Spirit   .   (no helmet)
rElec    .         Reflect  .   (no cloak)
rCorr    .         Harm     .   (no gloves)
MR       .....                  (no barding)
Stlth    +.........             (no amulet)
HPRegen  0.08/turn              (no ring)
MPRegen  0.08/turn              (no ring)

@: very quick
A: large, hooves 3, deformed body, speed 2, tough skin 3
a: no special abilities


You were on level 1 of the Dungeon.
You were not hungry.

You visited 1 branch of the dungeon, and saw 1 of its levels.

Inventory:

Hand Weapons
 a - a +1 shortbow
 b - a +0 short sword (weapon)
Missiles
 d - 20 arrows
 m - 20 bolts
 Z - 18 stones (quivered)
Armour
 c - a +0 leather armour (worn)
Jewellery
 j - a cursed ring of attention {unknown}
Scrolls
 f - 4 scrolls of identify {unknown}
 h - a scroll of enchant weapon {unknown}
 i - a scroll of magic mapping {unknown}
 l - a scroll of fear {unknown}
Potions
 e - a potion of heal wounds {unknown}
 k - a potion of invisibility {unknown}
Comestibles
 g - 6 chunks of flesh
 z - a ration


   Skills:
 - Level 2.2 Fighting
 + Level 5.5 Bows
 + Level 1.6 Dodging
 - Level 0.8 Stealth


You had one spell level left.
You didn't know any spells.
Your spell library was empty.

Dungeon Overview and Level Annotations

Branches:
Dungeon (1/15)

Altars:


Innate Abilities, Weirdness & Mutations

You have hooves in place of feet.
Armour fits poorly on your strangely shaped body.
You cover ground very quickly.
You have extremely tough skin. (AC +3)


Message History

g - 5 chunks of flesh (gained 1)
You see here a rat skeleton. x2
You butcher the bat corpse.
g - 6 chunks of flesh (gained 1)
You see here a bat skeleton. x2
f - 4 scrolls labeled DIUVVOCSASM (gained 3)
Z - 11 stones (gained 1)
Z - 12 stones (gained 1)
Z - 13 stones (gained 1)
k - a bubbling emerald potion
l - a scroll labeled JOSHRO IKHLOHEI
Z - 14 stones (gained 1)
Z - 17 stones (gained 3)
You see here a pair of gloves.
Z - 18 stones (gained 1)
m - 20 bolts
Found a stone staircase leading down.
No target in view!
Unknown command.
Are you sure you want to abandon this character and quit the game? (Confirm with "yes".)

...................
.............#..... #...>
#........÷................
.........÷................#
.....#..........#.........#
.....#....###...###.......#
######....................#
##.......................#
#...............@.........
#...........###...........
#.....[.....#####.........
...................####....
..........##.......# ...
........####.......#
........# #.......#
........# #.......#
##......# #.......#


There were no monsters in sight!

Vanquished Creatures
  2 dart slugs (D:1)
  4 bats (D:1)
  A hobgoblin (D:1)
  A kobold (D:1)
  2 goblins (D:1)
  A rat (D:1)
11 creatures vanquished.

Notes
Turn   | Place    | Note
-------+----------+-------------------------------------------
     0 | D:1      | Auros the Centaur Hunter began the quest for the Orb.
     0 | D:1      | Reached XP level 1. HP: 17/17 MP: 1/1
   163 | D:1      | Reached XP level 2. HP: 21/24 MP: 2/2
   378 | D:1      | Quit the game

Levels and vault maps discovered:
D:1:      sevenhm_arrival_forest_fort_small_5, layout_basic

Action                   || total
-------------------------++-------
Melee: Short sword       ||    41
       Kick              ||     3
Throw: Stone             ||    35
Armor: Leather armour    ||    25
Dodge: Dodged            ||    29

Table legend:
 A = Non-vault XP
 B = Vault XP
 C = Vault XP percentage of total XP
 D = Non-vault monster count
 E = Vault monster count
 F = Vault count percentage of total count
                 A         B        C        D         E       F
            +---------+---------+-------+---------+---------+-------
      Total |      22 |       0 |   0.0 |      11 |       0 |   0.0
            +---------+---------+-------+---------+---------+-------
        D:1 |      22 |       0 |   0.0 |      11 |       0 |   0.0
            +---------+---------+-------+---------+---------+-------
